 Dungeon Crawl Stone Soup version 0.23.2-40-g277498a001 (webtiles) character file.

Game seed: 2282587178742185869

2428 Amplified the Skirmisher (level 9, -2/72 HPs)
             Began as a Mummy Skald on Aug 19, 2019.
             Was an Initiate of Gozag.
             Slain by an orc warrior
             ... wielding a +0 short sword
              (19 damage)
             ... on level 7 of the Dungeon.
             The game lasted 00:15:34 (5857 turns).

Amplified the Skirmisher (Mummy Skald)              Turns: 5857, Time: 00:15:34

Health: -2/72      AC:  9    Str: 14      XL:     9   Next: 24%
Magic:  0/16       EV: 10    Int: 15      God:    Gozag
Gold:   510        SH:  0    Dex: 10 (12) Spells: 10/18 levels left

rFire    x . .     SeeInvis .   f - +4 dagger (venom)
rCold    + . .     Gourm    .   (no shield)
rNeg     + + +     Faith    .   m - +1 ring mail {MR+}
rPois    ∞         Spirit   +   o - +0 hat
rElec    .         Reflect  .   a - +0 cloak
rCorr    .         Harm     .   i - +1 pair of gloves
MR       ++...                  (no boots)
Stlth    ..........             c - amulet of guardian spirit
HPRegen  0.22/turn              (no ring)
MPRegen  0.15/turn              (no ring)

@: about to teleport, singing, gold aura, very slightly contaminated
A: no food or potions, fire vulnerability, cold resistance 1, negative energy
resistance 3, torment resistance, unbreathing
a: Potion Petition, Call Merchant, Bribe Branch, Renounce Religion


You were on level 7 of the Dungeon.
You worshipped Gozag.
Gozag was pleased with you.
You were not hungry.

You visited 2 branches of the dungeon, and saw 8 of its levels.

You collected 836 gold pieces.
You spent 114 gold pieces at shops.
You paid 212 gold pieces to Gozag.

Inventory:

Hand Weapons
 e - a +1 short sword of venom
 f - a +4 dagger of venom (weapon)
 l - a +5 flail of protection
Missiles
 p - 31 poisoned needles
Armour
 a - a +0 cloak (worn)
 d - a +1 ring mail
 i - a +1 pair of gloves (worn)
 k - a +1 robe of magic resistance
 m - a +1 ring mail of magic resistance (worn)
 o - a +0 hat (worn)
Jewellery
 c - an amulet of guardian spirit (around neck)
Wands
 h - a wand of flame (9)
Scrolls
 b - 3 scrolls of remove curse
 g - 4 scrolls of identify
 n - 3 scrolls of teleportation
 q - a scroll of enchant weapon
 s - a scroll of fear


   Skills:
 * Level 7.4 Fighting
 * Level 5.8 Short Blades
 - Level 1.7 Maces & Flails
 - Level 0.7 Armour
 - Level 1.5 Dodging
 - Level 5.0 Spellcasting
 * Level 5.5 Hexes
 - Level 2.4 Charms


You had 10 spell levels left.
You knew the following spells:

 Your Spells              Type           Power        Failure   Level  Hunger
a - Infusion              Chrm           ##..         13%         1    N/A
b - Spectral Weapon       Hex/Chrm       ###.....     21%         3    N/A
c - Song of Slaying       Chrm           ##......     19%         2    N/A
d - Shroud of Golubria    Chrm/Tloc      #.........   30%         2    N/A

Your spell library contained the following spells:

 Spells                   Type           Power        Failure   Level  Hunger
 Confusing Touch          Hex            ###...       3%          1    N/A
 Animate Skeleton         Necr           N/A          32%         1    N/A
 Apportation              Tloc           #.....       32%         1    N/A
 Summon Small Mammal      Summ           #...         32%         1    N/A
 Iskenderun's Battlesphe  Conj/Chrm      #.......     99%         5    N/A
 Bolt of Magma            Conj/Fire/Erth #.........   100%        5    N/A
 Venom Bolt               Conj/Pois      #.........   100%        5    N/A
 Iron Shot                Conj/Erth      #.........   100%        6    N/A
 Orb of Destruction       Conj           #.........   100%        7    N/A
 Spellforged Servitor     Conj/Summ      #.........   100%        7    N/A
 Regeneration             Chrm/Necr      Unusable     N/A         3    N/A

Dungeon Overview and Level Annotations

Branches:
Dungeon (7/15)             Temple (1/1) D:4

Altars:
Elyvilon
Gozag
Nemelex Xobeh
Qazlal
Sif Muna
Wu Jian
Xom
Yredelemnul
Zin
The Shining One

Shops:
D:4 *   D:6 *

Annotations:
D:7 Pikel


Innate Abilities, Weirdness & Mutations

You do not eat or drink.
Your flesh is vulnerable to fire.
You are immune to poison.
Your flesh is cold resistant. (rC+)
You are immune to negative energy. (rN+++)
You are immune to unholy pain and torment.
You can survive without breathing.


Message History

Aiming: Throw Flame
Press: ? - help, Shift-Dir - straight line, f - orc wizard
Aim: an orc wizard, wielding a +2 dagger of speed and wearing a +0 robe (fast)
The puff of flame hits the orc wizard.
The orc wizard is moderately wounded.
The orc wizard is no longer distracted by gold.
Okay, then.
As you read the scroll of teleportation, it crumbles to dust.
You feel strangely unstable.
As you read the scroll of fear, it crumbles to dust.
You assume a fearsome visage.
The orc wizard looks frightened!
The orc wizard casts a spell.
The orc wizard blinks!
The orc warrior hits you with a +0 short sword.
* * * LOW HITPOINT WARNING * * *
The orc wizard casts a spell.
The orc wizard blinks!
The orc warrior hits you with a +0 short sword!!
You die...
Your body crumbles into a pile of gold. ... ... ..# ... ..# #.# #.##### #.# #.# ....... #.# #.# .... .. #.# #.# oo.

..#####.###.# #$#
#o.o..oo§.§#
#o#####.####§###o#
....(o.(o..o..##@#
#(#####.##.#..##o#
#..####.##.#..##.#
......#.##.#..##.#
#..##.#.##.#..##.#
#..#.......#.....#
#...........#.####
#..#....##..#.#
.....##.##..#


You could see an orc warrior (berserk) and an orc wizard (fleeing).

Vanquished Creatures
  Grinder (D:3)
  A spriggan (D:6)
  Eustachio (D:6)
  Edmund (D:5)
  Duvessa (D:5)
  A sky beast (D:7)
  2 ogres
  2 centaurs
  Dowan (D:5)
  A scorpion (D:6)
  2 howler monkeys
  3 crimson imps
  A quasit (D:7)
  3 bullfrog skeletons
  2 hounds
  3 orc priests
  2 jellies (D:7)
  An iguana (D:5)
  8 orc wizards
  Jessica (D:4)
  Ijyb (D:5)
  4 worker ants
  A hound skeleton (D:4)
  A hound zombie (D:3)
  3 gnolls (D:5)
  A howler monkey skeleton (D:6)
  7 adders
  A shadow imp (D:5)
  An ooze (D:2)
  4 worms
  A dart slug (D:5)
  8 leopard geckos
  38 orcs
  A ball python (D:1)
  5 bats
  3 giant cockroaches
  9 hobgoblins
  14 jackals
  5 kobolds
  5 quokkas
  A frilled lizard (D:2)
  10 goblins
  A leopard gecko skeleton (D:5)
  8 rats
171 creatures vanquished.

Vanquished Creatures (others)
  A spectral weapon (D:7)
  3 toadstools (D:1)
4 creatures vanquished.

Grand Total: 175 creatures vanquished

Notes
Turn   | Place    | Note
-------+----------+-------------------------------------------
     0 | D:1      | Amplified the Mummy Skald began the quest for the Orb.
     0 | D:1      | Reached XP level 1. HP: 16/16 MP: 4/4
   144 | D:1      | Reached XP level 2. HP: 14/22 MP: 1/6
   837 | D:2      | Reached skill level 1 in Short Blades
   837 | D:2      | Reached XP level 3. HP: 24/28 MP: 3/7
   931 | D:2      | Learned a level 3 spell: Spectral Weapon
   968 | D:2      | Learned a level 2 spell: Song of Slaying
   971 | D:2      | Learned a level 2 spell: Shroud of Golubria
  1061 | D:2      | Reached skill level 3 in Fighting
  1061 | D:2      | Reached XP level 4. HP: 34/35 MP: 2/9
  1756 | D:3      | Reached XP level 5. HP: 25/41 MP: 5/11
  1990 | D:3      | Found a white marble altar of Elyvilon.
  2163 | D:3      | Noticed Grinder
  2221 | D:4      | You fall through a shaft for 3 floors!
  2230 | D:7      | Noticed a water moccasin
  2270 | D:7      | Noticed a sky beast
  2287 | D:7      | Noticed a phantom
  2301 | D:6      | Reached skill level 4 in Fighting
  2301 | D:6      | Reached skill level 5 in Spellcasting
  2301 | D:6      | Reached XP level 6. HP: 47/48 MP: 11/13
  2350 | D:6      | Found a basalt altar of Yredelemnul.
  2388 | D:6      | Noticed Eustachio
  2406 | D:6      | Killed Eustachio
  2406 | D:6      | Reached skill level 1 in Hexes
  2451 | D:6      | Found Kacosmi's Assorted Antiques.
  2454 | D:6      | Bought a scroll labeled YWAPRA TEONKEF for 19 gold pieces
  2454 | D:6      | Bought a scroll labeled YWAPRA TEONKEF for 19 gold pieces
  2454 | D:6      | Bought a jewelled brass wand for 76 gold pieces
  2679 | D:6      | Reached XP level 7. HP: 55/55 MP: 8/14
  2810 | D:5      | Entered Level 5 of the Dungeon
  2931 | D:6      | Reached skill level 5 in Fighting
  3395 | D:5      | Noticed Edmund
  3416 | D:5      | Killed Edmund
  3536 | D:5      | Reached XP level 8. HP: 59/64 MP: 11/15
  3613 | D:4      | Noticed Jessica
  3621 | D:4      | Killed Jessica
  3623 | D:4      | Found a deep blue altar of Sif Muna.
  3662 | D:4      | Found Vaakkido's Assorted Antiques.
  3789 | D:4      | Reached skill level 6 in Fighting
  3970 | D:3      | Killed Grinder
  4173 | D:4      | Found a staircase to the Ecumenical Temple.
  4187 | Temple   | Entered the Ecumenical Temple
  4193 | Temple   | Became a worshipper of Gozag Ym Sagoz the Greedy
  4716 | D:5      | Reached skill level 5 in Short Blades
  4761 | D:5      | Noticed Duvessa
  4893 | D:5      | Noticed Dowan
  4903 | D:5      | Killed Duvessa
  4904 | D:5      | Killed Dowan
  4973 | D:5      | Noticed Ijyb
  4990 | D:5      | Killed Ijyb
  4990 | D:5      | Reached skill level 5 in Hexes
  5057 | D:5      | Found a stormy altar of Qazlal.
  5368 | D:6      | Reached skill level 7 in Fighting
  5573 | D:7      | Reached XP level 9. HP: 72/72 MP: 9/16
  5685 | D:7      | Noticed Pikel
  5857 | D:7      | Slain by an orc warrior

Skill      XL: |  1  2  3  4  5  6  7  8 |
---------------+-------------------------+-----
Spellcasting   | 3 4 5 |  5.0
Short Blades   | 1 2 3 4 5 |  5.8
Fighting       | 3 4 5 7 |  7.4
Hexes          | 1 3 5 |  5.5
Maces & Flails | |  1.7
Armour         | |  0.7
Dodging        | |  1.5
Charms         | |  2.4

Action                   |  1- 3 |  4- 6 |  7- 9 || total
-------------------------+-------+-------+-------++-------
Melee: Mace              |    14 |       |       ||    14
       Short sword       |    70 |       |       ||    70
       Dagger            |     8 |   202 |   309 ||   519
 Cast: Infusion          |     9 |     6 |       ||    15
       Spectral Weapon   |       |     5 |    19 ||    24
       Shroud of Golubri |       |     2 |     2 ||     4
       Song of Slaying   |       |       |     1 ||     1
Evoke: Wand              |       |     4 |    13 ||    17
  Use: Scroll            |     3 |     9 |     6 ||    18
 Stab: Distracted        |       |       |     3 ||     3
Armor: Ring mail         |    27 |    90 |    93 ||   210
       Leather armour    |     5 |       |       ||     5
       Robe              |       |       |     5 ||     5
Dodge: Dodged            |    51 |    99 |   139 ||   289
